 Dungeon Crawl Stone Soup version 0.21.1-1-g345015fe64 (webtiles) character file.

124 Marvel the Chopper (level 5, -8/47 HPs)
             Began as a Hill Orc Abyssal Knight on Feb 18, 2018.
             Was a Believer of Lugonu.
             Killed by divine providence
             ... invoked by an orc priest
              (18 damage)
             ... on level 3 of the Dungeon.
             The game lasted 00:06:42 (2218 turns).

Marvel the Chopper (Hill Orc Abyssal Knight)        Turns: 2218, Time: 00:06:42

Health: -8/47      AC:  9    Str: 16    XL:     5   Next: 8%
Magic:  6/6        EV: 13    Int: 12    God:    Lugonu [**....]
Gold:   146        SH:  0    Dex: 10    Spells: 4/4 levels left

rFire    + . .     SeeInvis .   a - +1 hand axe
rCold    . . .     Gourm    .   (no shield)
rNeg     . . .     Faith    .   m - +2 ring mail {rF+}
rPois    .         Spirit   .   (no helmet)
rElec    .         Reflect  .   i - +0 cloak
rCorr    .         Harm     +   (no gloves)
MR       .....                  g - +0 pair of boots (curse)
Stlth    ..........             n - amulet of harm
HPRegen  0.15/turn              f - +3 ring of evasion
MPRegen  0.10/turn              (no ring)

@: no status effects
A: no striking features
a: Depart the Abyss, Bend Space, Renounce Religion, Convert to Beogh


You were on level 3 of the Dungeon.
You worshipped Lugonu.
Lugonu was pleased with you.
You were not hungry.

You visited 1 branch of the dungeon, and saw 3 of its levels.
You visited the Abyss 1 time.

You collected 146 gold pieces.

Inventory:

Hand Weapons
 a - a +1 hand axe (weapon)
 q - a +0 blowgun
Missiles
 b - 25 poisoned needles
Armour
 g - a cursed +0 pair of boots (worn)
 i - a +0 cloak (worn)
 m - a +2 ring mail of fire resistance (worn)
Jewellery
 f - a +3 ring of evasion (left hand)
 n - an amulet of harm (around neck)
 o - an uncursed ring of ice
Scrolls
 e - 4 scrolls of remove curse {unknown}
 h - 3 scrolls of identify {unknown}
 j - a scroll of immolation {unknown}
Potions
 d - a potion of haste {unknown}
 k - a potion of brilliance {unknown}
 l - a potion of agility {unknown}
 p - a potion of curing {unknown}
Comestibles
 c - 4 rations


   Skills:
 + Level 4.9 Fighting
 + Level 5.1 Axes
 + Level 2.8 Armour
 - Level 0.7 Dodging
 + Level 2.6 Invocations


You had 4 spell levels left.
You didn't know any spells.

Dungeon Overview and Level Annotations

Branches:
Dungeon (3/15)

Altars:
Fedhas
Ru
Trog
The Shining One


Message History

The orc hits you with a hand axe.
You hit the orc.
The orc is severely wounded.
The orc hits you with a hand axe.
You hit the orc.
You kill the orc!
Lugonu accepts your kill.
You closely miss the hobgoblin. The hobgoblin barely misses you.
You slash the hobgoblin!
You kill the hobgoblin!
Lugonu accepts your kill.
The orc priest shouts, "Surrender to Beogh and we'll let you live!"
The orc priest calls down the wrath of Beogh upon you.
Pain shoots through your body!
The orc priest calls down the wrath of Beogh upon you.
Beogh smites you!
* * * LOW HITPOINT WARNING * * *
The orc priest mumbles some strange prayers to Beogh against you.
Beogh smites you!
You die...

#### ..o.. ### ..#.. #.....o..
#.#o..#.. #...g.... #######
######)####################......
...........o..o.@>).......รท###...
.#####..####......########## #..#
##### #......# #..# ##8##
#......############..# 8...8
###.#####............. #.....#
#.####..#####..##.## _....._
#.#.)..## #...>.# ##.....##
#.################## #8...8#
#.................


You could see an orc priest and an orc.

Vanquished Creatures
  Terence (D:3)
  3 adders
  A river rat (D:3)
  2 worms (D:2)
  A leopard gecko (D:2)
  2 orcs (D:3)
  4 ball pythons (D:3)
  5 bats
  3 giant cockroaches
  4 goblins
  8 hobgoblins
  4 jackals (D:2)
  7 kobolds
  4 frilled lizards
  5 rats
54 creatures vanquished.

Notes
Turn   | Place    | Note
-------+----------+-------------------------------------------
     0 | Abyss:1  | Marvel the Hill Orc Abyssal Knight began the quest for the Orb.
     0 | Abyss:1  | Reached XP level 1. HP: 19/19 MP: 2/2
     1 | Abyss:1  | Found a corrupted altar of Lugonu.
    20 | D:1      | Escaped the Abyss
   470 | D:2      | Reached XP level 2. HP: 18/27 MP: 3/3
   592 | D:2      | Reached skill level 3 in Axes
   717 | D:2      | Reached XP level 3. HP: 34/34 MP: 4/4
   726 | D:2      | Reached ** piety under Lugonu
  1540 | D:3      | Reached skill level 4 in Axes
  1540 | D:3      | Reached XP level 4. HP: 41/41 MP: 5/5
  1610 | D:3      | Found a glowing drain.
  1659 | D:3      | Found a sacrificial altar of Ru.
  1734 | D:3      | Found a glowing golden altar of the Shining One.
  2009 | D:3      | Noticed Terence
  2030 | D:3      | Killed Terence
  2030 | D:3      | Reached skill level 5 in Axes
  2030 | D:3      | Reached XP level 5. HP: 26/47 MP: 6/6
  2199 | D:3      | Found a bloodstained altar of Trog.
  2200 | D:3      | Found a blossoming altar of Fedhas.
  2218 | D:3      | Killed from afar by an orc priest

Skill      XL: |  1  2  3  4 |
---------------+-------------+-----
Fighting       | 4 |  4.9
Axes           | 3 4 5 |  5.1
Armour         | |  2.8
Dodging        | |  0.7
Invocations    | |  2.6

Action                   |  1- 3 |  4- 6 || total
-------------------------+-------+-------++-------
Melee: Hand axe          |   119 |    71 ||   190
  Eat: Ration            |     1 |       ||     1
       Chunk             |       |     1 ||     1
Armor: Leather armour    |    25 |       ||    25
       Ring mail         |       |    19 ||    19
Dodge: Dodged            |    91 |    43 ||   134
